cohdb
Replays
Latest Replays
All Replays
Popular Replays
Top Player Replays
Match Explorer
How It Works
Community
CoH3 Stats
Reddit
Sign in to upload your games and track your stats! →
Sign in with Steam
Match 39685636
Unlisted
Match 39685636
Overview
Messages
Build Orders
End
Construct Section Command Post
Selects Heavy Armor Battlegroup
Dingo Light Scout Car
Dingo Light Scout Car
Dingo Light Scout Car
Vickers Machine Gun Team
Construct Platoon Command Post
ML 3-inch Mortar Team
Infantry Section
Infantry Section
Selects Engineer Detachments
Selects Forward Repair Assembly
Construct Company Command Post
Matilda II Heavy Tank
Grenade Package
6-pounder Anti-tank Gun Team
Construct Field Infirmary
Vickers Machine Gun Team
Matilda II Heavy Tank
Selects Light Vehicle Withdraw and Refit
Selects Radio Net
Selects Recon Artillery
Recon Artillery
enzesihai
Nordikwarrior
Tiger
Kirara Asuka
killall
IGXR
MARTO
prinzmcx
0
0
Comments
sign in to comment!
No comments posted yet!